cohdb
Replays
Latest Replays
All Replays
Popular Replays
Top Player Replays
Match Explorer
How It Works
Community
CoH3 Stats
Reddit
Sign in to upload your games and track your stats! →
Sign in with Steam
2x Terror Doctrine Domination (NM epic V1)
Match 39610436
Overview
Messages
Build Orders
End
Pioneer Squad
Construct Infanterie Kompanie
Selects Terror Battlegroup
Selects Machine Gun Camouflage
MG 42 Machine Gun Team
MG 42 Machine Gun Team
MG 42 Machine Gun Team
Construct Luftwaffe Kompanie
Jäger Squad
Jäger Squad
Medical Station
Support Elements
Flak 30 Anti-aircraft Gun Team
Wirbelwind Flakpanzer
Jäger Squad
Selects Defend the Fatherland
Luftwaffe Officer Quarters
Defend the Fatherland
Jäger Squad
Jäger Squad
Wirbelwind Flakpanzer
Jäger Squad
Marder III M Tank Destroyer
Medical Bunker
Selects King Tiger Heavy Tank
Selects Contempt for the Weak
King Tiger Heavy Tank
Selects Jericho Trumpet
Jericho Trumpet
Wirbelwind Flakpanzer
Jericho Trumpet
Selects V1 Rocket Strike
Marder III M Tank Destroyer
Evelynn
SM
Ghost
aSIIDemolitionHammer
0
0
Comments
sign in to comment!
No comments posted yet!